[Event "Early-Titled-Tuesday-Blitz-March-05-2024"]
[Site "Chess.com"]
[Date "2024.03.05"]
[Round "1"]
[White "Casper"]
[Black "Azerichess"]
[Result "0-1"]
[WhiteElo "2516"]
[BlackElo "3049"]
[TimeControl "180+1"]
[EndTime "8:01:47 PST"]
[Termination "Azerichess won by resignation"]

1. e4 d5 2. exd5 Qxd5 3. Nc3 Qa5 4. Nf3 Nf6 5. Bc4 Bf5 6. O-O e6 7. Re1 Nc6 8. d3 O-O-O 9. Bd2 Bg4 10. Nb5 Qb6 11.
a4 a6 12. a5 Qc5 13. Be3 Qh5 14. Nc3 Ne5 15. Bf4 Nxf3+ 16. gxf3 Bxf3 17. Qd2 Qh3 0-1

[Event "Early-Titled-Tuesday-Blitz-March-05-2024"]
[Site "Chess.com"]
[Date "2024.03.05"]
[Round "1"]
[White "Binary010"]
[Black "Sjakkerntobi"]
[Result "1-0"]
[WhiteElo "2841"]
[BlackElo "2460"]
[TimeControl "180+1"]
[EndTime "8:01:50 PST"]
[Termination "Binary010 won by resignation"]

1. d4 Nf6 2. c4 e6 3. Nf3 c5 4. g3 cxd4 5. Nxd4 Nc6 6. Bg2 Bc5 7.
Nb3 Be7 8. O-O O-O 9. Nc3 b6 10. Nb5 d6 11. Bxc6 1-0

[Event "Early-Titled-Tuesday-Blitz-March-05-2024"]
[Site "Chess.com"]
[Date "2024.03.05"]
[Round "1"]
[White "SchmakAttack"]
[Black "ploxoi"]
[Result "1-0"]
[WhiteElo "2807"]
[BlackElo "2452"]
[TimeControl "180+1"]
[EndTime "8:01:59 PST"]
[Termination "SchmakAttack won by resignation"]

1. d4 d6 2. c4 Nf6 3. Nc3 c5 4. dxc5 dxc5 5. Qxd8+ Kxd8 6. Bf4 a6 7. O-O-O+ Bd7 8. e4 Kc8 9. e5 Ne8 10. Nd5 e6 11.
Nb6+ 1-0

[Event "Early-Titled-Tuesday-Blitz-March-05-2024"]
[Site "Chess.com"]
[Date "2024.03.05"]
[Round "1"]
[White "ActorXu"]
[Black "LeoLV10"]
[Result "1-0"]
[WhiteElo "2847"]
[BlackElo "2466"]
[TimeControl "180+1"]
[EndTime "8:02:18 PST"]
[Termination "ActorXu won by resignation"]

1. e4 c6 2. d4 d5 3. e5 Bf5 4.
h4 h5 5. Bd3 Bxd3 6. Qxd3 Qa5+ 7. Nd2 Qa6 8. e6 Qxd3 9. exf7+ Kxf7 10. cxd3 g6 11. Ndf3 Bg7 12. Ng5+ Kf6 13. Bf4 Nd7 14. N1f3 Nh6 15. Ne5 Rad8 16. Nxd7+ Rxd7 17. Be5+ 1-0

[Event "Early-Titled-Tuesday-Blitz-March-05-2024"]
[Site "Chess.com"]
[Date "2024.03.05"]
[Round "1"]
[White "MidnightFox"]
[Black "stollenmonster"]
[Result "0-1"]
[WhiteElo "2481"]
[BlackElo "2900"]
[TimeControl "180+1"]
[EndTime "8:02:32 PST"]
[Termination "stollenmonster won by resignation"]

1. d4 Nf6 2. c4 e6 3. g3 d5 4. Bg2 Be7 5. Nf3 O-O 6. O-O Ne4 7. b3 f5 8. Bb2 c6 9. Nbd2 Bd7 10. Ne5 Be8 11.
Nxe4 dxe4 12. f3 exf3 13. Bxf3 Nd7 14. Nd3 g5 15. e4 Bg6 16. Qe2 Bf6 17. Rae1 Re8 18.
e5 Bg7 19. d5 cxd5 20. cxd5 exd5 21. Bxd5+ Kh8 22. Bxb7 Qb6+ 0-1

[Event "Early-Titled-Tuesday-Blitz-March-05-2024"]
[Site "Chess.com"]
[Date "2024.03.05"]
[Round "1"]
[White "KChor05"]
[Black "Hurghada"]
[Result "0-1"]
[WhiteElo "2653"]
[BlackElo "2386"]
[TimeControl "180+1"]
[EndTime "8:02:35 PST"]
[Termination "Hurghada won by resignation"]

1. e4 e6 2. d4 d5 3. Nd2 c5 4. exd5 exd5 5. Ngf3 Nc6 6. Bb5 cxd4 7. O-O Bd6 8. Nxd4 Ne7 9. N2f3 O-O 10. Bg5 f6 11.
Bh4 Qb6 12. Rb1 Nxd4 13. Nxd4 Ng6 14. Bg3 Be5 0-1

[Event "Early-Titled-Tuesday-Blitz-March-05-2024"]
[Site "Chess.com"]
[Date "2024.03.05"]
[Round "1"]
[White "knightinshiningarmour16"]
[Black "Kislov_Oleg"]
[Result "0-1"]
[WhiteElo "2228"]
[BlackElo "2578"]
[TimeControl "180+1"]
[EndTime "8:02:47 PST"]
[Termination "Kislov_Oleg won by resignation"]

1. e4 e6 2. Nf3 d5 3. e5 c5 4. d4 cxd4 5. Nxd4 Nc6 6. Nxc6 bxc6 7. Be2 Ba6 8. Bxa6 Qa5+ 9. Bd2 Qxa6 10. Qe2 Qxe2+ 11. Kxe2 Rb8 12. b3 Ne7 13. f4 h5 14.
Nc3 Nf5 15. Be3 d4 16. Bxd4 Nxd4+ 17. Kd3 Nf5 18. Ne4 Be7 19. c4 O-O 20. c5 Rfd8+ 21.
Nd6 Bxd6 22. exd6 a5 23. h3 Rb4 24. Rhf1 Rd4+ 25. Ke2 Rd5 26. Rac1 Ng3+ 0-1

[Event "Early-Titled-Tuesday-Blitz-March-05-2024"]
[Site "Chess.com"]
[Date "2024.03.05"]
[Round "1"]
[White "djano"]
[Black "miraitrunks"]
[Result "1-0"]
[WhiteElo "2554"]
[BlackElo "2174"]
[TimeControl "180+1"]
[EndTime "8:03:05 PST"]
[Termination "djano won by resignation"]

1. e4 c5 2. Nc3 e6 3. f4 d5 4. Nf3 dxe4 5. Nxe4 Bd7 6. g3 Bc6 7.
Qe2 Nf6 8. d3 Nbd7 9. Bg2 Nxe4 10. dxe4 Nf6 11. Ne5 Qb6 12. Nxc6 bxc6 13. O-O Be7 14.
e5 Nd5 15. Kh1 O-O 16. f5 Qb5 17. c4 Qa6 18. f6 gxf6 19. exf6 Nxf6 20. Bg5 Nd5 21.
Bh6 Nf6 22. Qe5 1-0

[Event "Early-Titled-Tuesday-Blitz-March-05-2024"]
[Site "Chess.com"]
[Date "2024.03.05"]
[Round "1"]
[White "erlesfar"]
[Black "Bauman_Guy"]
[Result "0-1"]
[WhiteElo "2489"]
[BlackElo "2919"]
[TimeControl "180+1"]
[EndTime "8:03:12 PST"]
[Termination "Bauman_Guy won by checkmate"]

1. e4 c5 2. Nf3 d6 3. d4 cxd4 4. Nxd4 Nf6 5. Nc3 a6 6. Be3 e5 7. Nb3 Be6 8. Nd5 Nbd7 9. Qd2 Nxe4 10. Qd3 Nef6 11. Nxf6+ Nxf6 12. O-O-O Be7 13. f4 Qc7 14. fxe5 dxe5 15. Be2 O-O 16. h3 Rac8 17. g4 Rfd8 18. Qc3 Qxc3 19. bxc3 Ba3+ 20. Kb1 Ne4 21. Rxd8+ Rxd8 22. c4 Nc3+ 23. Ka1 Nxe2 24. Re1 Bxc4 25. Na5 Bb4 26. Nxc4 Bxe1 27. Bb6 Bc3+ 28. Kb1 Rd1# 0-1

[Event "Early-Titled-Tuesday-Blitz-March-05-2024"]
[Site "Chess.com"]
[Date "2024.03.05"]
[Round "1"]
[White "ThePeacefulPanda"]
[Black "Rud_2008"]
[Result "0-1"]
[WhiteElo "2427"]
[BlackElo "2728"]
[TimeControl "180+1"]
[EndTime "8:03:25 PST"]
[Termination "Rud_2008 won by resignation"]

1. Nf3 d5 2. d4 Nf6 3. c4 e6 4. Nc3 Bb4 5. Bg5 h6 6. Bxf6 Qxf6 7. cxd5 exd5 8. Qb3 Qb6 9. a3 Ba5 10. Qxb6 axb6 11.
e3 c6 12. Bd3 b5 13. Kd2 Nd7 14. b4 Bc7 15. a4 bxa4 16. b5 a3 17. bxc6 bxc6 18.
Rhb1 O-O 19. Rb3 Bd6 20. Nb1 c5 21. dxc5 Nxc5 22. Rbxa3 Rxa3 23. Nxa3 Nb3+ 0-1

[Event "Early-Titled-Tuesday-Blitz-March-05-2024"]
[Site "Chess.com"]
[Date "2024.03.05"]
[Round "1"]
[White "biostatistician"]
[Black "AsselLesbekova"]
[Result "1-0"]
[WhiteElo "2610"]
[BlackElo "2296"]
[TimeControl "180+1"]
[EndTime "8:03:33 PST"]
[Termination "biostatistician won by resignation"]

1. d4 d5 2. Nf3 e6 3. c4 a6 4. cxd5 exd5 5. Nc3 c6 6. Bf4 Bd6 7. Bxd6 Qxd6 8. e4 dxe4 9. Nxe4 Qb4+ 10. Qd2 Qxd2+ 11. Kxd2 Ne7 12. Nd6+ Kf8 13. Bc4 f6 14. Rhe1 b5 15. Bb3 Bg4 16. Re4 Bf5 17. Re3 a5 18.
Rae1 Ra7 19. Nxf5 a4 20. Bc2 Nxf5 21. Re8+ Kf7 22. Rxh8 1-0

[Event "Early-Titled-Tuesday-Blitz-March-05-2024"]
[Site "Chess.com"]
[Date "2024.03.05"]
[Round "1"]
[White "FredddieCroderg"]
[Black "rnanjo"]
[Result "1-0"]
[WhiteElo "2273"]
[BlackElo "2574"]
[TimeControl "180+1"]
[EndTime "8:03:35 PST"]
[Termination "FredddieCroderg won by checkmate"]

1. e4 g6 2. h4 d5 3. e5 Bg7 4. d4 c5 5. c3 h5 6. Qb3 Nc6 7. Ne2 Nh6 8. Bg5 Nf5 9. dxc5 Nxe5 10. Nd4 Nxd4 11. cxd4 Nc6 12. Bb5 Bxd4 13. Nc3 Be6 14. O-O-O Bxc5 15. Nxd5 Qc8 16. Qc3 f6 17. Qxc5 fxg5 18.
Qxe7# 1-0

[Event "Early-Titled-Tuesday-Blitz-March-05-2024"]
[Site "Chess.com"]
[Date "2024.03.05"]
[Round "1"]
[White "UnTucopalaTimba"]
[Black "Shahdad2007"]
[Result "0-1"]
[WhiteElo "1995"]
[BlackElo "2533"]
[TimeControl "180+1"]
[EndTime "8:03:43 PST"]
[Termination "Shahdad2007 won by resignation"]

1. e4 c5 2. Nf3 e6 3. c3 d5 4. exd5 Qxd5 5. d4 Nf6 6. Be2 Nc6 7. O-O Be7 8. Re1 cxd4 9. cxd4 O-O 10. Nc3 Qd8 11.
Bf4 b6 12. Bb5 Bb7 13. Qd2 Rc8 14. Rad1 Nb4 15. a3 Nbd5 16. Nxd5 Qxd5 17. Be5 Qxb5 18. b4 Qd5 19. Qg5 Rfd8 20. h3 h6 21. Qf4 Nd7 22. Qg4 Nxe5 23. Rxe5 Qb3 24. Ree1 Bxf3 25.
gxf3 Bf6 26. Kh2 Qb2 27. d5 Qxf2+ 28. Kh1 Rc2 0-1

[Event "Early-Titled-Tuesday-Blitz-March-05-2024"]
[Site "Chess.com"]
[Date "2024.03.05"]
[Round "1"]
[White "almaguerjm"]
[Black "ValentunHulka"]
[Result "1-0"]
[WhiteElo "2461"]
[BlackElo "2773"]
[TimeControl "180+1"]
[EndTime "8:03:45 PST"]
[Termination "almaguerjm won by resignation"]

1. d4 d5 2. Nf3 Nf6 3. Nc3 a6 4. g3 c5 5. Bg2 cxd4 6. Nxd4 e5 7. Nb3 d4 8. Ne4 Nxe4 9. Bxe4 Be7 10. e3 Nc6 11. Bxc6+ bxc6 12. exd4 Qd5 13. f3 exd4 14. Qxd4 Be6 15. Qxd5 Bxd5 16. Kf2 a5 17. Re1 a4 18.
Nc5 Kd8 19. Be3 Bf6 20. Rad1 Kc7 21. Bf4+ Kb6 22. Nd7+ Kb5 23. Nxf6 gxf6 24. b3 axb3 25. axb3 Ra2 26. Rd2 Be6 27. c4+ Kb4 28. Rxa2 Kxb3 29. Rd2 Kxc4 30. Rc1+ Kb3 31. Rxc6 Ra8 32. Bh6 Ra1 33.
Bg7 Rh1 34. Ke3 Rc1 35. Rxc1 1-0

[Event "Early-Titled-Tuesday-Blitz-March-05-2024"]
[Site "Chess.com"]
[Date "2024.03.05"]
[Round "1"]
[White "nrvisakh"]
[Black "Eliwood44"]
[Result "1-0"]
[WhiteElo "2915"]
[BlackElo "2486"]
[TimeControl "180+1"]
[EndTime "8:03:46 PST"]
[Termination "nrvisakh won by resignation"]

1. e4 e5 2. Nf3 Nc6 3. Bc4 Bc5 4. c3 Nf6 5. d4 exd4 6. e5 d5 7. Bb5 Ne4 8. cxd4 Bb4+ 9. Bd2 Bxd2+ 10. Nbxd2 O-O 11. O-O f6 12. Bxc6 bxc6 13. exf6 Nxf6 14. Ne5 c5 15. dxc5 Qe7 16. Ndf3 Qxc5 17. Rc1 Qe7 18. Re1 Bb7 19. Qb3 Rab8 20. Nc6 Bxc6 21. Rxe7 Rxb3 22. axb3 Be8 23. Rcxc7 Bf7 24. Ne5 Ne8 25. Rxf7 1-0

[Event "Early-Titled-Tuesday-Blitz-March-05-2024"]
[Site "Chess.com"]
[Date "2024.03.05"]
[Round "1"]
[White "betta2004"]
[Black "PawnEatingZombie"]
[Result "1-0"]
[WhiteElo "2566"]
[BlackElo "2192"]
[TimeControl "180+1"]
[EndTime "8:03:47 PST"]
[Termination "betta2004 won by resignation"]

1. d4 Nf6 2. Nc3 g6 3. e4 d6 4. Bf4 Bg7 5. Qd2 a6 6. O-O-O b5 7. f3 Nbd7 8. Bh6 Bxh6 9. Qxh6 c6 10. e5 Nd5 11. Qg7 Rf8 12. Ne4 dxe5 13. dxe5 Qa5 14. Kb1 Bb7 15. e6 fxe6 16. Ng5 Nc5 17. Nxh7 Rf7 18.
Qg8+ Kd7 19. Qxf7 1-0

[Event "Early-Titled-Tuesday-Blitz-March-05-2024"]
[Site "Chess.com"]
[Date "2024.03.05"]
[Round "1"]
[White "profedechess93"]
[Black "Aleksandar-Topalov"]
[Result "1-0"]
[WhiteElo "2641"]
[BlackElo "2344"]
[TimeControl "180+1"]
[EndTime "8:03:49 PST"]
[Termination "profedechess93 won by resignation"]

1. e4 e6 2. d4 d5 3. Nc3 Bb4 4. e5 Qd7 5. Qg4 Bf8 6. h4 h5 7. Qg3 b6 8. a4 Ba6 9. Bb5 c6 10.
Bd3 Bxd3 11. Qxd3 c5 12. dxc5 bxc5 13. f4 g6 14. Nf3 Nh6 15. Be3 Nf5 16. Bf2 Nc6 17.
Ng5 c4 18. Qf3 Rb8 19. Rb1 Be7 20. O-O Kf8 21. Rfd1 Kg7 22. Nxd5 exd5 23. Rxd5 Qe6 24. Nxe6+ 1-0

[Event "Early-Titled-Tuesday-Blitz-March-05-2024"]
[Site "Chess.com"]
[Date "2024.03.05"]
[Round "1"]
[White "topce"]
[Black "Hongjin"]
[Result "0-1"]
[WhiteElo "2371"]
[BlackElo "2669"]
[TimeControl "180+1"]
[EndTime "8:03:50 PST"]
[Termination "Hongjin won by resignation"]

1. c4 Nf6 2. Nc3 e5 3. d3 Nc6 4.
Nf3 d5 5. cxd5 Nxd5 6. e4 Nb6 7. Be2 Be7 8. O-O O-O 9. Be3 Be6 10. d4 exd4 11.
Nxd4 Nxd4 12. Qxd4 Bf6 13. Qxd8 Rfxd8 14. Bxb6 axb6 15.
Nd5 Bxb2 16. Rab1 Be5 17. Rfc1 Rxa2 18. Bc4 Ra5 19. Nxc7 Bxc4 20. Rxc4 Rc8 21. Rbc1 Rxc7 22. f4 Bd4+ 23. Kf1 Rxc4 24. Rxc4 Bc5 25. e5 g6 26. g3 Ra2 27. h4 Rf2+ 28. Ke1 Rg2 29. f5 Rxg3 30. f6 Re3+ 31. Kd2 Rxe5 32. Ra4 Re8 33.
Ra7 h5 34. Rxb7 Bd4 35. Kd3 Bxf6 36. Rxb6 Bxh4 37. Rxg6+ fxg6 0-1

[Event "Early-Titled-Tuesday-Blitz-March-05-2024"]
[Site "Chess.com"]
[Date "2024.03.05"]
[Round "1"]
[White "ChessLebaneseSalah"]
[Black "FMStan15"]
[Result "1-0"]
[WhiteElo "2541"]
[BlackElo "2080"]
[TimeControl "180+1"]
[EndTime "8:03:58 PST"]
[Termination "ChessLebaneseSalah won by resignation"]

1. e4 e6 2. d4 d5 3. e5 c5 4. c3 Nc6 5. Nf3 Qb6 6. Bd3 cxd4 7.
O-O dxc3 8. Nxc3 a6 9. Be3 Qc7 10. Bf4 Nge7 11. Re1 Ng6 12. Bg3 Be7 13. h4 Bd7 14. h5 Nf8 15. Rc1 Rc8 16. Nxd5 exd5 17. e6 Qa5 18. exd7+ Kxd7 19. Qb3 Bb4 20. Red1 Ne6 21.
Bc4 Rhd8 22. Rxd5+ Qxd5 23. Bxd5 Bd6 24. Qxb7+ 1-0

[Event "Early-Titled-Tuesday-Blitz-March-05-2024"]
[Site "Chess.com"]
[Date "2024.03.05"]
[Round "1"]
[White "ProChessWICTH"]
[Black "Fjal"]
[Result "1-0"]
[WhiteElo "2618"]
[BlackElo "2314"]
[TimeControl "180+1"]
[EndTime "8:04:08 PST"]
[Termination "ProChessWICTH won by resignation"]

1. e4 d6 2. d4 Nf6 3. Nc3 g6 4. f4 Bg7 5. Nf3 O-O 6. Bd3 c5 7. dxc5 dxc5 8. O-O Nc6 9. Kh1 Bg4 10. h3 Bxf3 11. Qxf3 Nd4 12. Qf2 a6 13. Be3 e6 14. e5 Nd5 15. Bxd4 cxd4 16. Qxd4 Nxc3 17. Qxc3 Rc8 18. Qb3 b5 19. a4 Qd4 20. axb5 axb5 21. Bxb5 Rb8 22. c4 Rfc8 23. Rad1 Qe4 24. Qd3 Qa8 25. Ra1 Qb7 26. Ba6 1-0

[Event "Early-Titled-Tuesday-Blitz-March-05-2024"]
[Site "Chess.com"]
[Date "2024.03.05"]
[Round "1"]
[White "LionelMessiFCB"]
[Black "ContrVersia"]
[Result "0-1"]
[WhiteElo "2473"]
[BlackElo "2867"]
[TimeControl "180+1"]
[EndTime "8:04:16 PST"]
[Termination "ContrVersia won by resignation"]

1. e4 c5 2. Nf3 a6 3. c3 d5 4. exd5 Qxd5 5. d4 Bg4 6. Be2 Nf6 7. O-O e6 8. Be3 cxd4 9. Qxd4 Nc6 10. Qa4 Qd7 11. Na3 Be7 12. Rad1 Qc8 13. h3 Bh5 14. g4 b5 15. Qf4 Bg6 16. Ne5 Nd5 17. Rxd5 exd5 18.
Bf3 Bd6 19. Bd4 f6 0-1

[Event "Early-Titled-Tuesday-Blitz-March-05-2024"]
[Site "Chess.com"]
[Date "2024.03.05"]
[Round "1"]
[White "Arystanner"]
[Black "ural58"]
[Result "0-1"]
[WhiteElo "2889"]
[BlackElo "2505"]
[TimeControl "180+1"]
[EndTime "8:04:17 PST"]
[Termination "ural58 won by resignation"]

1. e4 d5 2. exd5 Qxd5 3. Nc3 Qa5 4. d4 Nf6 5. Nf3 Nc6 6. h3 Ne4 7. Qd3 Nxc3 8. b3 Ne4+ 9. Ke2 Bf5 10. Ke3 Ng3 11. Qd1 Nxh1 12. Bc4 O-O-O 13. Qxh1 e5 14. d5 Bc5+ 15. Ke2 Nd4+ 16. Nxd4 Bxd4 17. Bd2 Qb6 18. Rd1 Bxf2 19. Qf1 Bxc2 20. Rc1 Be4 21. Qxf2 Qxf2+ 22. Kxf2 Bxd5 23. Be2 Bxg2 24. Bc3 Bxh3 25. Bxe5 c6 26. b4 f6 27. Bg3 Rd2 28. Ke3 Rxa2 29. Bc4 Re8+ 30.
Kf3 Ra3+ 31. Kf2 Be6 32. Be2 Ra2 0-1

[Event "Early-Titled-Tuesday-Blitz-March-05-2024"]
[Site "Chess.com"]
[Date "2024.03.05"]
[Round "1"]
[White "Kildepiotr"]
[Black "inagreV"]
[Result "1-0"]
[WhiteElo "2688"]
[BlackElo "2385"]
[TimeControl "180+1"]
[EndTime "8:04:20 PST"]
[Termination "Kildepiotr won by resignation"]

1. Nf3 Nf6 2. g3 b6 3. Bg2 Bb7 4. O-O g6 5. c4 Bg7 6. Nc3 O-O 7. d3 c5 8. e4 d6 9. Ne1 Nc6 10. f4 a6 11. Nc2 Ne8 12. Kh1 Nc7 13. f5 b5 14. Be3 bxc4 15. dxc4 Bxc3 16. bxc3 Ne5 17. Qe2 a5 18. Bh6 Re8 19. Ne3 f6 20. fxg6 hxg6 21.
h4 Kf7 22. Rab1 Ba6 23. Bf4 Nd7 24. Bh3 Rh8 25. Kg1 g5 26. Bxg5 1-0

[Event "Early-Titled-Tuesday-Blitz-March-05-2024"]
[Site "Chess.com"]
[Date "2024.03.05"]
[Round "1"]
[White "FuenfgegenWilly"]
[Black "IM_ArthurDW08"]
[Result "0-1"]
[WhiteElo "2450"]
[BlackElo "2804"]
[TimeControl "180+1"]
[EndTime "8:04:22 PST"]
[Termination "IM_ArthurDW08 won by resignation"]

1. d4 Nf6 2. c4 c5 3. d5 b5 4. cxb5 a6 5. e3 Bb7 6. Nc3 e6 7. e4 axb5 8. dxe6 fxe6 9. e5 Nd5 10. Nxb5 Nc6 11. Nf3 Be7 12. Bd3 O-O 13. h4 Rxf3 14.
Qxf3 Nxe5 15. Bxh7+ Kxh7 16. Qh5+ Kg8 17. Qxe5 Qa5+ 18.
Nc3 Bf6 19. Qd6 Bxc3+ 20. Kf1 Bf6 21. h5 Ba6+ 22. Kg1 Qe1+ 23. Kh2 Be5+ 24. f4 Qh4+ 25. Kg1 Bd4+ 0-1

[Event "Early-Titled-Tuesday-Blitz-March-05-2024"]
[Site "Chess.com"]
[Date "2024.03.05"]
[Round "1"]
[White "JoachimBN"]
[Black "carloseduar100"]
[Result "1-0"]
[WhiteElo "2668"]
[BlackElo "2368"]
[TimeControl "180+1"]
[EndTime "8:04:30 PST"]
[Termination "JoachimBN won by resignation"]

1. d4 d5 2. c4 e5 3. dxe5 d4 4. Nf3 Nc6 5. a3 Nge7 6. e3 Bg4 7. exd4 Bxf3 8. Qxf3 Qxd4 9. Nc3 Qxe5+ 10. Be2 O-O-O 11. O-O Nd4 12. Qh3+ f5 13. Bd1 Kb8 14. Be3 Nc2 15.
Bxc2 1-0

[Event "Early-Titled-Tuesday-Blitz-March-05-2024"]
[Site "Chess.com"]
[Date "2024.03.05"]
[Round "1"]
[White "maurovargas01"]
[Black "andrzej"]
[Result "0-1"]
[WhiteElo "1836"]
[BlackElo "2528"]
[TimeControl "180+1"]
[EndTime "8:04:30 PST"]
[Termination "andrzej won by resignation"]

1. e4 e5 2. Nf3 Nf6 3. Bc4 Nxe4 4. Nxe5 d5 5. Bb3 Be7 6. O-O O-O 7. f3 Nf6 8. d4 h6 9. Re1 Bf5 10. Be3 Nbd7 11.
f4 c6 12. h3 Ne4 13. g4 Bh7 14.
Nd2 f6 15. Nef3 Kh8 16. f5 Bd6 17. Nh4 Bg3 18. Rf1 Bxh4 19. Nf3 Bg3 20. Kg2 Bb8 21. h4 Qc7 22. Qd2 Qg3+ 23. Kh1 Qxg4 24. Qh2 Ng3+ 25. Kg2 Nxf5+ 26. Kf2 Bxh2 27. Nxh2 Qxh4+ 0-1

[Event "Early-Titled-Tuesday-Blitz-March-05-2024"]
[Site "Chess.com"]
[Date "2024.03.05"]
[Round "1"]
[White "AsaHoffmann"]
[Black "ChristianArca"]
[Result "1-0"]
[WhiteElo "2433"]
[BlackElo "2699"]
[TimeControl "180+1"]
[EndTime "8:04:31 PST"]
[Termination "AsaHoffmann won by checkmate"]

1. d4 Nf6 2. Bg5 d5 3. Nd2 c5 4. e3 cxd4 5. exd4 Nc6 6. c3 Bf5 7. f4 e6 8. Ngf3 Bd6 9. Ne5 Qc7 10. Be2 Nd7 11. O-O f6 12. Bh5+ g6 13. Nxd7 fxg5 14. Nf6+ Ke7 15. fxg5 gxh5 16. Rxf5 Bxh2+ 17. Kh1 Qg3 18. Qxh5 exf5 19. Nf3 Kd6 20. Qf7 Rab8 21. Qd7# 1-0

[Event "Early-Titled-Tuesday-Blitz-March-05-2024"]
[Site "Chess.com"]
[Date "2024.03.05"]
[Round "1"]
[White "Iball95"]
[Black "killer_dreams"]
[Result "1-0"]
[WhiteElo "2902"]
[BlackElo "2485"]
[TimeControl "180+1"]
[EndTime "8:04:33 PST"]
[Termination "Iball95 won by resignation"]

1. e4 e5 2. Nf3 Nc6 3. Nc3 Nf6 4. Bb5 Bd6 5. a3 O-O 6. d3 a6 7. Bc4 Bc5 8. Be3 d6 9. Nd5 Nxd5 10. Bxd5 Bxe3 11. fxe3 Be6 12. Bxc6 bxc6 13. O-O f5 14. exf5 Bxf5 15. e4 Bd7 16. Qd2 Qb8 17. b3 Qb6+ 18. Kh1 Rf4 19. d4 Rxe4 20. dxe5 d5 21. Rae1 Bf5 22. Ng5 Rxe1 23. Qxe1 Bxc2 24. e6 Bg6 25. e7 c5 26. Qe6+ Qxe6 27. Nxe6 Bf7 28. Nd8 1-0

[Event "Early-Titled-Tuesday-Blitz-March-05-2024"]
[Site "Chess.com"]
[Date "2024.03.05"]
[Round "1"]
[White "IlanSchnaider"]
[Black "Azalea95"]
[Result "1-0"]
[WhiteElo "2658"]
[BlackElo "2352"]
[TimeControl "180+1"]
[EndTime "8:04:36 PST"]
[Termination "IlanSchnaider won by resignation"]

1. e4 e6 2. d4 d5 3. e5 c5 4. c3 Nc6 5. Nf3 Nge7 6. Bd3 cxd4 7. cxd4 Nf5 8. Bxf5 exf5 9. O-O Be6 10. Nc3 Be7 11. Be3 g5 12. g3 f4 13. gxf4 gxf4 14. Bxf4 Bh3 15. Re1 Rg8+ 16. Bg3 h5 17. e6 fxe6 18. Ne5 Nxe5 19. Qxh5+ Kd7 20. Qxe5 Rg5 21. Qf4 Rf5 22. Qh6 1-0

[Event "Early-Titled-Tuesday-Blitz-March-05-2024"]
[Site "Chess.com"]
[Date "2024.03.05"]
[Round "1"]
[White "Storne89"]
[Black "carlocapau"]
[Result "1-0"]
[WhiteElo "2719"]
[BlackElo "2420"]
[TimeControl "180+1"]
[EndTime "8:04:39 PST"]
[Termination "Storne89 won by resignation"]

1. d4 Nf6 2. Nf3 g6 3. Nbd2 Bg7 4. e4 d6 5. Bb5+ c6 6. Bd3 O-O 7. O-O Nbd7 8. c3 e5 9. Re1 Re8 10. h3 a5 11. a4 b6 12. b3 Bb7 13. Ba3 Qc7 14.
Nb1 c5 15. d5 Bh6 16. Nbd2 Rf8 17. Qc2 Ne8 18. Nc4 Ng7 19. Bc1 Bxc1 20. Qxc1 Ba6 21. Qh6 f6 22. Rad1 Rae8 23. Ncxe5 fxe5 24. Bxa6 Rxf3 25. gxf3 Rf8 26. Bb5 Nf6 27. f4 exf4 28.
e5 dxe5 29. d6 Qb7 30. Rxe5 Nf5 31. Qg5 Ne4 32. Rxe4 Qxe4 33. d7 1-0

[Event "Early-Titled-Tuesday-Blitz-March-05-2024"]
[Site "Chess.com"]
[Date "2024.03.05"]
[Round "1"]
[White "lamomiajunior"]
[Black "tomesao"]
[Result "1-0"]
[WhiteElo "2758"]
[BlackElo "2434"]
[TimeControl "180+1"]
[EndTime "8:04:40 PST"]
[Termination "lamomiajunior won by resignation"]

1. d4 Nf6 2. c4 e6 3. Nc3 Bb4 4. f3 d5 5. a3 Bxc3+ 6. bxc3 O-O 7.
cxd5 exd5 8. e3 c5 9. Bd3 Nc6 10. Ne2 Re8 11. O-O cxd4 12. cxd4 Be6 13. Bb2 Qd7 14.
e4 dxe4 15. fxe4 Bg4 16. e5 Nd5 17. Qd2 Bh5 18. Ng3 Bg6 19. Bxg6 hxg6 20. Ne4 Re6 21. Nc5 Qe7 22. Nxe6 Qxe6 23. Rae1 Rd8 24. Qe2 Nb6 25.
Kh1 Rd5 26. Qf2 Nc4 27. Ba1 b5 28. Re4 Ne7 29. Rh4 Nf5 30. Rh3 Rd7 31. Qf4 Nxa3 32. Rxa3 1-0

[Event "Early-Titled-Tuesday-Blitz-March-05-2024"]
[Site "Chess.com"]
[Date "2024.03.05"]
[Round "1"]
[White "ricaurtelopezj1955"]
[Black "Kostya0705"]
[Result "0-1"]
[WhiteElo "2184"]
[BlackElo "2562"]
[TimeControl "180+1"]
[EndTime "8:04:43 PST"]
[Termination "Kostya0705 won by resignation"]

1. e4 c5 2. Nf3 e6 3. d4 cxd4 4.
Nxd4 Nc6 5. Nc3 Qc7 6. Nxc6 bxc6 7. Bd3 d5 8. O-O Nf6 9. Kh1 Be7 10. f4 O-O 11. e5 Nd7 12. Bxh7+ Kxh7 13. Qh5+ Kg8 14.
Rf3 f5 15. Rh3 Nxe5 16. fxe5 Qxe5 17. Bd2 Bb7 18. Re1 Qf6 19. Bg5 Qxg5 20. Qh7+ Kf7 21. Rg3 Qxg3 0-1

[Event "Early-Titled-Tuesday-Blitz-March-05-2024"]
[Site "Chess.com"]
[Date "2024.03.05"]
[Round "1"]
[White "LangesNasenhaar"]
[Black "Polish_fighter3000"]
[Result "0-1"]
[WhiteElo "2523"]
[BlackElo "3110"]
[TimeControl "180+1"]
[EndTime "8:04:48 PST"]
[Termination "Polish_fighter3000 won by resignation"]

1. d4 Nf6 2. Nf3 g6 3. Bg5 Bg7 4. Nbd2 h6 5. Bh4 d6 6. e4 g5 7. Bg3 Nh5 8. c3 e6 9. Be2 Nd7 10. O-O Nxg3 11. hxg3 g4 12. Nh2 h5 13. a4 Qg5 14. Nc4 b6 15. Qd2 Qg6 16. Rfe1 Bb7 17. d5 Nc5 18. dxe6 fxe6 19. e5 d5 20. Na3 Nb3 21. Qe3 Bh6 22. Qd3 Qxd3 23. Bxd3 Nxa1 24. Rxa1 O-O-O 0-1

[Event "Early-Titled-Tuesday-Blitz-March-05-2024"]
[Site "Chess.com"]
[Date "2024.03.05"]
[Round "1"]
[White "Masterbeaterr"]
[Black "Kobalia"]
[Result "0-1"]
[WhiteElo "2447"]
[BlackElo "2792"]
[TimeControl "180+1"]
[EndTime "8:04:48 PST"]
[Termination "Kobalia won by resignation"]

1. d4 d5 2. c4 c6 3. Nc3 Nf6 4.
e3 a6 5. c5 Bf5 6. Bd3 Bxd3 7.
Qxd3 Nbd7 8. Nf3 Qc7 9. O-O e5 10.
dxe5 Nxe5 11. Nxe5 Qxe5 12. Na4 Ng4 13. g3 Qh5 14. h4 Be7 15. e4 Rd8 16. exd5 Rxd5 17. Qf3 O-O 18. Bf4 Rfd8 19. Rad1 h6 20. Rxd5 Rxd5 21.
Rd1 Qf5 22. Rxd5 cxd5 23. Qe2 Bf6 24. f3 Ne5 25. Bxe5 Bxe5 26. Kg2 d4 27. f4 Bf6 28.
b4 d3 29. Qd2 Qe4+ 30. Kh3 h5 31. Kh2 Qe2+ 32. Qxe2 dxe2 0-1

[Event "Early-Titled-Tuesday-Blitz-March-05-2024"]
[Site "Chess.com"]
[Date "2024.03.05"]
[Round "1"]
[White "Titus369"]
[Black "KVAIDAN"]
[Result "1-0"]
[WhiteElo "2635"]
[BlackElo "2338"]
[TimeControl "180+1"]
[EndTime "8:04:49 PST"]
[Termination "Titus369 won by resignation"]

1. e4 e5 2. Nf3 d5 3. exd5 e4 4. Qe2 Nf6 5. Nc3 Be7 6. Nxe4 O-O 7. Nxf6+ Bxf6 8. d4 Qxd5 9. Be3 c5 10. Qc4 Qf5 11.
O-O-O Be6 12. d5 Bd7 13. Bd3 Qh5 14. h3 b5 15. Qxc5 Na6 16. Qd6 Nb8 17. g4 Bxg4 18.
hxg4 Qxg4 19. Bxh7+ 1-0